 Dungeon Crawl Stone Soup version 0.31.0-11-ge490571c62 (webtiles) character file.

Game seed: 15486370819513355044

1110 qw the Skirmisher (level 8, -5/45 (46) HPs)
             Began as a Deep Elf Hunter on Feb 3, 2024.
             Slain by a wight
             ... wielding a +3 dire flail
              (6 damage)
             ... on level 5 of the Dungeon.
             The game lasted 00:00:24 (4704 turns).

qw the Skirmisher (Deep Elf Hunter)                 Turns: 4704, Time: 00:00:24

HP:   -5/45 (46)    AC:  6    Str: 10    XL:     8   Next: 11%
MP:   10/10         EV: 11    Int: 15    God:
Gold: 242           SH:  5    Dex: 18    Spells: 7/7 levels left

rFire   + . .        f - +0 orcbow
rCold   . . .        (shield currently unavailable)
rNeg    . . .        i - +1 ring mail {Will+}
rPois   .            (no helmet)
rElec   .            (no cloak)
rCorr   .            (no gloves)
SInv    +            (no boots)
Will    +....        c - amulet of reflection
Stlth   +            b - ring of see invisible
HPRegen 0.27/turn    e - ring of protection from fire
MPRegen 0.12/turn

%: reflection
@: marked, lightly drained
A: no striking features
a: no special abilities


You were on level 5 of the Dungeon.
You visited 1 branch of the dungeon, and saw 6 of its levels.

You collected 242 gold pieces.


   Skills:
 - Level 3.1 Fighting
 - Level 12.2 Ranged Weapons
 - Level 1.2 Armour
 + Level 3.2 Dodging
 - Level 1.2 Stealth


You had 7 spell levels left.
You didn't know any spells.
Your spell library was empty.

Inventory:

Hand Weapons
 f - a +0 orcbow (weapon)
Armour
 i - a +1 ring mail of willpower (worn)
 k - a +2 ring mail
Jewellery
 b - a ring of see invisible (left hand)
 c - an amulet of reflection (around neck)
 e - a ring of protection from fire (right hand)
 j - a ring of willpower
 l - a ring of ice
Potions
 d - 3 potions of curing
 g - 2 potions of enlightenment
 h - a potion of might
 m - a potion of haste
 n - a potion of mutation
 q - a potion of lignification {unknown}

Dungeon Overview and Level Annotations

Branches:
Dungeon (6/15)
 Temple: D:4-7

Altars:
Kikubaaqudgha
Wu Jian
The Shining One

Shops:
D:1 *

Annotations:
D:3 1 runed translucent door, Crazy Yiuf


Message History

Done exploring.
4665 ||| DROPPING potion of magic.
You drop a potion of magic.
Done exploring.
4666 ||| DROPPING potion of attraction.
You drop a potion of attraction.
Done exploring.
What level of the Dungeon? (default 5, ? - help)
There is an open door here.
There is a stone staircase leading up here.
There is a stone staircase leading down here.
You climb downwards.
A malevolent force fills the Dungeon...
With a horrendous wail, an alarm goes off!
A sentinel's mark forms upon you.
You hear a shout!
You hear an angry hiss. x2
There is a stone staircase leading up here.
There are monsters nearby!
Waypoint 5 assigned to D:6.
4701 ||| STAIRDANCE The wight hits you with a +5 spear of freezing.
The wight freezes you. The wight misses you. The wight completely misses you.
You climb upwards.
There is a stone staircase leading down here.
Enter note:
Enter note:
Enter note:
Enter note:
Enter note:
Enter note:
Enter note:
Enter note: You shoot an arrow.
The arrow hits the wight.
The wight is lightly damaged.
The wight hits you with a +5 spear of freezing.
The wight freezes you. The wight hits you with a +0 falchion!
You feel drained.
The wight hits you with a +3 dire flail!
You shoot an arrow. The arrow hits the wight.
The wight is lightly damaged.
The wight hits you with a +5 spear of freezing.
The wight freezes you. You block the wight's attack.
The wight hits you with a +3 dire flail.
You die...

#.....#.....#..<+................
#.....#.....#...#................
#.....#..#..#...#<...............
#.....#..#..#...#................
#######..######.#................
...#........# #.###############+#
...#.######.# #..................
...#...##...# #zz................
...###.###### #.@z...............
...#...##...# ##########...######
#..#.######.###......#######.....
#..#.......!#......|.).....#.....
#..####..####..............#.....
#.....#..#.................#.....
#.....#..#...###########...#.....
#####......###.........#...#.....
######## #.........'...#.....


You could see 3 wights.

Vanquished Creatures
  Sigmund (D:2)
  Prince Ribbit (D:5)
  An ice beast (D:5)
  A centaur (D:5)
  A phantom (D:4)
  A burial acolyte (D:5)
  A gnoll bouda (D:4)
  5 orc priests
  An iguana (D:5)
  Terence (D:2)
  An orc wizard (D:5)
  Natasha (twice) (D:2)
  7 adders
  A white imp (D:5)
  4 ufetubi
  An adder zombie (D:5)
  2 dart slugs (D:4)
  2 ribbon worms
  10 orcs
  7 endoplasms
  5 giant cockroaches
  6 goblins
  5 hobgoblins
  3 jackals (D:1)
  3 kobolds
  4 quokkas
  4 ball pythons
  7 bats
  2 frilled lizards
  3 jackal zombies (D:5)
  4 rats
97 creatures vanquished.

Notes
Turn   | Place    | Note
-------+----------+-------------------------------------------
     0 | D:1      | qw the Deep Elf Hunter began the quest for the Orb.
     0 | D:1      | Reached XP level 1. HP: 12/12 MP: 3/3
     0 | D:1      | 0 ||| qw: Version: 0.3-a-155-g5e7d8dd
     0 | D:1      | 0 ||| qw: Game counter: 3181
     0 | D:1      | 0 ||| qw: Melee chars always use a shield: true
     0 | D:1      | 0 ||| qw: God list: Okawaru
     0 | D:1      | 0 ||| qw: Allow faded altars: false
     0 | D:1      | 0 ||| qw: Do Orc after clearing Dungeon:15 true
     0 | D:1      | 0 ||| qw: Do second Lair branch before Depths: true
     0 | D:1      | 0 ||| qw: Lair rune preference: random
     0 | D:1      | 0 ||| qw: Goals: Normal
     0 | D:1      | 0 ||| PLANNING D:1-11
    54 | D:1      | HP: 3/12 [frilled lizard (3)]
    93 | D:1      | You fall into a shaft and drop 1 floor!
   104 | D:2      | Reached skill level 6 in Ranged Weapons
   104 | D:2      | Reached XP level 2. HP: 16/16 MP: 4/4
   108 | D:2      | 108 ||| DROPPING +6 ring of intelligence.
   109 | D:2      | 109 ||| DROPPING scroll of butterflies.
   162 | D:1      | Found Jealurr's General Store.
   181 | D:1      | 181 ||| SHOPLISTING +4 ring mail of poison resistance (308
                  | gold, have 6).
   181 | D:1      | 181 ||| SHOPLISTING potion of might (44 gold, have 6).
   181 | D:1      | 181 ||| SHOPLISTING scroll of enchant armour (82 gold, have
                  | 6).
   181 | D:1      | 181 ||| SHOPLISTING scroll of identify (22 gold, have 6).
   181 | D:1      | 181 ||| SHOPLISTING scroll of teleportation (33 gold, have
                  | 6).
   181 | D:1      | 181 ||| SHOPLISTING wand of flame (18) (138 gold, have 6).
   611 | D:1      | 611 ||| READING scroll labelled MAOQOG HICWEKA.
   611 | D:1      | 611 ||| IDENTIFYING metallic emerald potion
   702 | D:2      | Reached XP level 3. HP: 20/20 MP: 5/5
   818 | D:2      | Noticed Sigmund
   825 | D:2      | Killed Sigmund
   826 | D:2      | Reached skill level 9 in Ranged Weapons
   826 | D:2      | Reached XP level 4. HP: 25/25 MP: 6/6
   826 | D:2      | Reached XP level 5. HP: 29/29 MP: 7/7
   834 | D:2      | Noticed Terence
   847 | D:2      | Killed Terence
   848 | D:2      | Reached skill level 3 in Dodging
  1008 | D:2      | Noticed Natasha
  1012 | D:2      | Killed Natasha
  1184 | D:2      | Reached XP level 6. HP: 35/35 MP: 8/8
  1206 | D:2      | 1206 ||| UPGRADING to +0 ring mail.
  1216 | D:2      | 1216 ||| DROPPING +0 leather armour.
  1217 | D:2      | 1217 ||| UPGRADING to ring of see invisible.
  1218 | D:2      | 1218 ||| UPGRADING to ring of protection from fire.
  1219 | D:2      | 1219 ||| READING 2 scrolls of identify.
  1219 | D:2      | 1219 ||| IDENTIFYING murky coppery potion
  1220 | D:2      | 1220 ||| READING scroll of identify.
  1220 | D:2      | 1220 ||| IDENTIFYING bubbling amethyst potion
  1221 | D:2      | 1221 ||| READING scroll labelled FIANIPHICAP.
  1222 | D:2      | 1222 ||| READING scroll labelled VORIUBRU GEHOGH.
  1223 | D:2      | 1223 ||| READING scroll labelled UCILEL CIMUP.
  1223 | D:2      | 1223 ||| ENCHANTING +0 ring mail.
  1225 | D:2      | 1225 ||| Stepping ~*~*~tactically~*~*~ (cloud).
  1343 | D:2      | Noticed Natasha
  1358 | D:2      | Killed Natasha
  1952 | D:3      | Found a runed translucent door.
  1953 | D:3      | Noticed Crazy Yiuf
  2142 | D:3      | Found an ornate altar of the Wu Jian Council.
  2265 | D:3      | 2265 ||| READING 2 scrolls of identify.
  2265 | D:3      | 2265 ||| IDENTIFYING dark potion
  2266 | D:3      | 2266 ||| READING scroll of identify.
  2266 | D:3      | 2266 ||| IDENTIFYING bubbling puce potion
  2323 | D:4      | 2323 ||| FLEEEEING.
  2325 | D:4      | 2325 ||| FLEEEEING.
  2326 | D:4      | 2326 ||| FLEEEEING.
  2327 | D:4      | 2327 ||| FLEEEEING.
  2328 | D:4      | 2328 ||| FLEEEEING.
  2329 | D:4      | 2329 ||| FLEEEEING.
  2331 | D:4      | 2331 ||| FLEEEEING.
  2332 | D:4      | 2332 ||| FLEEEEING.
  2333 | D:4      | 2333 ||| FLEEEEING.
  2334 | D:4      | 2334 ||| FLEEEEING.
  2335 | D:4      | 2335 ||| FLEEEEING.
  2336 | D:4      | 2336 ||| FLEEEEING.
  2337 | D:4      | 2337 ||| FLEEEEING.
  2338 | D:4      | 2338 ||| FLEEEEING.
  2344 | D:4      | 2344 ||| STAIRDANCE
  2412 | D:3      | 2412 ||| READING scroll of identify.
  2412 | D:3      | 2412 ||| IDENTIFYING scroll labelled VATTY YTIFOGG
  2413 | D:3      | 2413 ||| READING scroll of brand weapon.
  2413 | D:3      | 2413 ||| BRANDING +0 shortbow.
  2581 | D:4      | Reached skill level 10 in Ranged Weapons
  2887 | D:4      | HP: 6/35 [orc priest/+2 heavy flail (8)]
  2888 | D:4      | 2888 ||| DRINKING potion of heal wounds.
  3158 | D:4      | Found a glowing golden altar of the Shining One.
  3201 | D:4      | Reached XP level 7. HP: 37/40 MP: 9/9
  3366 | D:4      | 3366 ||| READING 2 scrolls of identify.
  3366 | D:4      | 3366 ||| IDENTIFYING black potion
  3367 | D:4      | 3367 ||| READING scroll of identify.
  3367 | D:4      | 3367 ||| IDENTIFYING red potion
  3368 | D:4      | 3368 ||| READING scroll labelled ATZUMAI VUCI.
  3368 | D:4      | 3368 ||| ENCHANTING +0 shortbow of flaming.
  3369 | D:4      | 3369 ||| READING scroll labelled NEIRYA DEZAE.
  3373 | D:4      | 3373 ||| DROPPING potion of ambrosia.
  3398 | D:5      | Entered Level 5 of the Dungeon
  3406 | D:5      | Noticed Prince Ribbit
  3407 | D:5      | 3407 ||| DRINKING 2 potions of haste.
  3426 | D:5      | Killed Prince Ribbit
  3427 | D:5      | Reached skill level 11 in Ranged Weapons
  3705 | D:5      | 3705 ||| SWAPPING to +0 orcbow.
  3708 | D:5      | 3708 ||| DROPPING +1 shortbow of flaming.
  3714 | D:5      | Reached skill level 12 in Ranged Weapons
  3786 | D:5      | Reached skill level 1 in Armour
  3850 | D:5      | 3850 ||| READING scroll of enchant armour.
  3850 | D:5      | 3850 ||| ENCHANTING +1 ring mail.
  3884 | D:5      | HP: 10/40 [orc/+0 trident (4)]
  3888 | D:5      | Reached XP level 8. HP: 12/45 MP: 10/10
  3889 | D:5      | HP: 8/45 [orc/+0 trident (5)]
  4162 | D:5      | Reached skill level 3 in Fighting
  4203 | D:5      | Found an ancient bone altar of Kikubaaqudgha.
  4547 | D:5      | 4547 ||| UPGRADING to +1 ring mail of willpower.
  4557 | D:5      | 4557 ||| UPGRADING to amulet of reflection.
  4562 | D:5      | 4562 ||| READING 2 scrolls of identify.
  4562 | D:5      | 4562 ||| IDENTIFYING metallic purple potion
  4563 | D:5      | 4563 ||| READING scroll of identify.
  4563 | D:5      | 4563 ||| IDENTIFYING lumpy silvery potion
  4564 | D:5      | 4564 ||| READING scroll labelled GIWAEXAKKU.
  4665 | D:5      | 4665 ||| DROPPING potion of magic.
  4666 | D:5      | 4666 ||| DROPPING potion of attraction.
  4701 | D:6      | 4701 ||| STAIRDANCE
  4703 | D:5      | HP: 4/45 [wight/+3 dire flail (17)]
  4704 | D:5      | HP: 1/45 [wight/+5 spear of freezing (1)]
  4704 | D:5      | Slain by a wight

Levels and vault maps discovered:
D:1:      denvon_arrival_planthouse, layout_rooms, serial_shops, shop_fountains,
          minmay_misc_feat_secret_circle
D:2:      layout_basic, st_stairs_14, uniq_terence, uniq_natasha, uniq_sigmund
D:3:      layout_loops_corners, mainiacjoe_overflow_alcove_2,
          uniq_crazy_yiuf_cottage
D:4:      layout_basic, nicolae_tso_swordbearing_angel, st_stairs_11,
          minivault_1, minivault_4
D:5:      layout_gridville, lemuel_zombie_altar_kikubaaqudgha,
          bh_walls_and_bars, uniq_prince_ribbit1
D:6:      layout_gridville, nicolae_hepliaklqana_monster_ancestors,
          minmay_temple_entry_fiery

Skill      XL: |  1  2  3  4  5  6  7  8 |
---------------+-------------------------+-----
Ranged Weapons | 6 9 10 12 | 12.2
Dodging        | 3 |  3.2
Fighting       | 2 3 |  3.1
Armour         | 1 |  1.2
Stealth        | |  1.2

Action                     |  1- 3 |  4- 6 |  7- 9 || total
---------------------------+-------+-------+-------++-------
   Fire: Shortbow          |    86 |   162 |    27 ||   275
         Orcbow            |       |       |    94 ||    94
    Use: Scroll            |     1 |     9 |     8 ||    18
         Potion            |       |     1 |     1 ||     2
 Armour: Leather armour    |    19 |     7 |       ||    26
         Ring mail         |       |    29 |    32 ||    61
  Dodge: Dodged            |    29 |    45 |    40 ||   114
  Block: Other             |       |       |     1 ||     1

Table legend:
 A = Non-vault XP
 B = Vault XP
 C = Vault XP percentage of total XP
 D = Non-vault monster count
 E = Vault monster count
 F = Vault count percentage of total count
                 A         B        C        D         E       F
            +---------+---------+-------+---------+---------+-------
      Total |     872 |     715 |  45.1 |      83 |      14 |  14.4
            +---------+---------+-------+---------+---------+-------
        D:1 |      37 |       0 |   0.0 |      22 |       0 |   0.0
        D:2 |      70 |     310 |  81.6 |      14 |       4 |  22.2
        D:3 |      21 |       0 |   0.0 |      10 |       0 |   0.0
        D:4 |     250 |      87 |  25.8 |      21 |       4 |  16.0
        D:5 |     494 |     318 |  39.2 |      16 |       6 |  27.3
            +---------+---------+-------+---------+---------+-------
